 Dungeon Crawl Stone Soup version 0.25-a0-339-gb37b713d4c (webtiles) character file.

Game seed: 244113347675098104, levelgen mode: deterministic

0 Gargoyl the Skirmisher (level 1, -18/19 HPs)
             Began as a Centaur Abyssal Knight on Dec 29, 2019.
             Was a Follower of Lugonu.
             Killed from afar by a wretched star (21 damage)
             ... with a lance of force
             ... on level 2 of the Abyss.
             The game lasted 00:01:20 (149 turns).

Gargoyl the Skirmisher (Centaur Abyssal Knight)      Turns: 149, Time: 00:01:21

Health: -18/19     AC:  4    Str: 14    XL:     1   Next: 0%
Magic:  0/1        EV:  9    Int: 11    God:    Lugonu [*.....]
Gold:   0          SH:  0    Dex:  8    Spells: 0/0 levels left

rFire    . . .     SeeInvis .   a - +1 hand axe
rCold    . . .     Gourm    .   (no shield)
rNeg     . . .     Faith    .   b - +0 leather armour
rPois    .         Spirit   +   (no helmet)
rElec    .         Reflect  .   (no cloak)
rCorr    .         Harm     .   (no gloves)
MR       .....     Rnd*Tele +   (no barding)
Stlth    ..........             d - amulet of guardian spirit
HPRegen  0.06/turn              (no ring)
MPRegen  0.07/turn              (no ring)

@: hasted, very quick
A: large, hooves 3, [blurry vision 3], deformed body, speed 2, [low mp 3],
[screaming 2], [teleportitis 2], tough skin 3
a: Depart the Abyss, Renounce Religion


You were on level 2 of the Abyss.
You worshipped Lugonu.
Lugonu was aware of your devotion.
You were not hungry.

You visited 0 branches of the dungeon, and saw 0 of its levels.
You visited the Abyss 1 time.

Inventory:

Hand Weapons
 a - a +1 hand axe (weapon)
Armour
 b - a +0 leather armour (worn)
Jewellery
 d - an amulet of guardian spirit (around neck)
Wands
 e - a wand of enslavement (5)
Comestibles
 c - 3 rations


   Skills:
 + Level 3.0 Fighting
 + Level 1.7 Axes
 + Level 1.3 Armour
 + Level 0.6 Dodging
 + Level 2.0 Invocations


You couldn't memorise any spells.
You didn't know any spells.
Your spell library was empty.

Dungeon Overview and Level Annotations

Branches:
Dungeon (0/15)

Altars:


Innate Abilities, Weirdness & Mutations

You have hooves in place of feet.
Armour fits poorly on your strangely shaped body.
You cover ground very quickly.
You have extremely tough skin. (AC +3)
[Scrolls take you much longer to read.]
[Your magical capacity is extremely low. (-30% MP)]
[You sometimes yell uncontrollably at your foes.]
[You are sometimes teleported next to monsters.]


Message History

You are knocked back by the lance of force.
You slam into the rock wall!
* * * LOW HITPOINT WARNING * * *
Unknown command.
You hit the wretched star but do no damage.
You kick the wretched star, but do no damage.
The wretched star is lightly damaged.
Unknown command.
You hit the wretched star.
The wretched star is lightly damaged.
The wretched star pulses with an eldritch light!
You feel less energetic. x3
Unknown command.
You hit the wretched star but do no damage.
Your kick misses the wretched star.
The wretched star is lightly damaged.
The wretched star glows turbulently.
The lance of force hits you!!
Ouch! That really hurt!
You die...

##≈.≈≈ ≈......
.. ≈ ≈≈≈≈≈ ≈
≈≈ ≈
≈≈≈≈≈...≈≈ ≈
## ###...##. ≈
≈.# ## ..# .
#..# ....# . .
.. # ##..###.
####*.....#..
#..@##..#.#...
##.##.. # .#
### ## . #.# #


You could see a wretched star.

Vanquished Creatures (others)
  A wight (Abyss:2)
1 creature vanquished.

Notes
Turn   | Place    | Note
-------+----------+-------------------------------------------
     0 | Abyss:1  | Gargoyl the Centaur Abyssal Knight began the quest for the
                  | Orb.
     0 | Abyss:1  | Reached XP level 1. HP: 19/19 MP: 2/2
    32 | Abyss:2  | Noticed a wight
    32 | Abyss:2  | Noticed a wight
    33 | Abyss:2  | Noticed a wight
    62 | Abyss:2  | Noticed a large abomination
    64 | Abyss:2  | Noticed a shadow demon
    91 | Abyss:2  | Noticed a wight
   126 | Abyss:2  | Noticed a wretched star
   149 | Abyss:2  | Killed from afar by a wretched star

Levels and vault maps discovered:
Abyss:2:  evilmike_abyss_exit_14

Action                   || total
-------------------------++-------
Melee: Hand axe          ||     9
       Kick              ||     3
Evoke: Wand              ||     5
  Use: Scroll            ||     2
       Potion            ||     1
Dodge: Dodged            ||     1

Table legend:
 A = Non-vault XP
 B = Vault XP
 C = Vault XP percentage of total XP
 D = Non-vault monster count
 E = Vault monster count
 F = Vault count percentage of total count
                 A         B        C        D         E       F
            +---------+---------+-------+---------+---------+-------
      Total |       0 |       0 |   N/A |       0 |       0 |  -nan
            +---------+---------+-------+---------+---------+-------
            +---------+---------+-------+---------+---------+-------
